 Dungeon Crawl Stone Soup version 0.23.1 (webtiles) character file.

Game seed: 1672748875350439982

365 vatarom the Skirmisher (level 6, 0/63 HPs)
             Began as an Ogre Transmuter on Mar 17, 2019.
             Was an Initiate of Makhleb.
             Slain by an orc wizard
             ... wielding a +0 dagger
              (2 damage)
             ... on level 3 of the Dungeon.
             The game lasted 00:11:40 (4291 turns).

vatarom the Skirmisher (Ogre Transmuter)            Turns: 4291, Time: 00:11:41

Health: 0/63       AC:  2    Str: 13 (15) XL:     6   Next: 68%
Magic:  6/9        EV: 20    Int: 13 (15) God:    Makhleb [......]
Gold:   267        SH:  0    Dex: 13 (15) Spells: 3/9 levels left

rFire    . . .     SeeInvis .     - Unarmed
rCold    . . .     Gourm    .   (shield currently unavailable)
rNeg     . . .     Faith    .   (armour currently unavailable)
rPois    x         Spirit   .   (helmet currently unavailable)
rElec    .         Reflect  .   (cloak currently unavailable)
rCorr    .         Harm     .   (gloves unavailable)
MR       .....                  (boots unavailable)
Stlth    +.........             (no amulet)
HPRegen  0.20/turn              (no ring)
MPRegen  0.11/turn              (no ring)

@: spider-form, flying, hasted, very quick
A: tiny, unfitting armour
a: End Transformation, Renounce Religion


You were on level 3 of the Dungeon.
You worshipped Makhleb.
Makhleb was noncommittal.
You were not hungry.
You were a venomous arachnid creature.
You visited 1 branch of the dungeon, and saw 3 of its levels.

You collected 267 gold pieces.

Inventory:

Missiles
 a - 25 arrows
 o - 66 stones (quivered)
Armour
 b - a +0 robe (melded)
Jewellery
 m - an uncursed amulet of magic regeneration {unknown}
Scrolls
 f - a scroll of enchant weapon {unknown}
 g - 3 scrolls of identify {unknown}
 i - 3 scrolls of fog {unknown}
 j - a scroll of fear {unknown}
 k - 3 scrolls of immolation {unknown}
 n - 3 scrolls of remove curse {unknown}
 p - a scroll of enchant armour {unknown}
 r - a scroll of noise {unknown}
 s - 2 scrolls of blinking {unknown}
Potions
 c - 3 potions of agility {@q5}
 e - a potion of berserk rage
 t - a potion of mutation
 u - a potion of flight
Comestibles
 d - 9 rations {@e1}
 v - 4 chunks of flesh


   Skills:
 - Level 4.4 Fighting
 - Level 2.8 Dodging
 + Level 4.2 Unarmed Combat
 - Level 2.4 Spellcasting
 + Level 2.9 Transmutations
 - Level 1.9 Poison Magic


You had 3 spell levels left.
You knew the following spells:

 Your Spells              Type           Power        Failure   Level  Hunger
a - Beastly Appendage     Tmut           #.....       21%         1    #......
c - Spider Form           Tmut/Pois      #.........   47%         3    ###....
s - Sticks to Snakes      Tmut           #.......     26%         2    ###....

Your spell library contained the following spells:

 Spells                   Type           Power        Failure   Level  Hunger
 Ice Form                 Ice/Tmut       #.......     92%         4    #####..
 Blade Hands              Tmut           #.........   97%         5    ######.


Dungeon Overview and Level Annotations

Branches:
Dungeon (3/15)

Altars:
Gozag
Makhleb
Uskayaw
Vehumet


Innate Abilities, Weirdness & Mutations

You are too large for most types of armour.
((You have tough skin. (AC +1)))
((You have a pair of small horns on your head.))
((Your skin changes colour to match your surroundings (Stealth+).))


Message History

* * * LOW HITPOINT WARNING * * *
You completely miss something.
You hear some strange, mumbled words.
A puff of flame appears from out of thin air!
The puff of flame hits you!
* * * LOW HITPOINT WARNING * * *
It was a potion of degeneration.
There was something very wrong with that liquid.
You feel weakened.
You feel dopey.
You feel clumsy. Something hits you but does no damage.
It was a potion of haste.
You feel yourself speed up.
You hear some strange, mumbled words.
A magic dart appears from out of thin air!
The magic dart hits you.
* * * LOW HITPOINT WARNING * * *
Okay, then.
You closely miss something. Something hits you but does no damage.
You barely miss something. You hit something. Something hits you.
You die...

######### #>.......
#### #{#...... ....
########### #s#
####. #)..
#.........# #)#.#
##.# #.#######.#
#.#.# #
##.#######.#####.#.#
................)#.#
##.######.########.#
#.## #.# #.# ##..#
#.# #.# ....# #.#
##.## #######


There were no monsters in sight!

Vanquished Creatures
  A scorpion (D:3)
  3 orc priests (D:3)
  2 orc wizards (D:3)
  Jessica (D:3)
  3 gnolls (D:2)
  2 adders
  4 worms
  2 dart slugs
  2 leopard geckos
  7 orcs (D:3)
  7 giant cockroaches
  9 goblins
  9 hobgoblins
  6 bats
  4 frilled lizards
  13 kobolds
  6 rats
81 creatures vanquished.

Vanquished Creatures (collateral kills)
  A hobgoblin (D:2)
  A kobold (D:2)
  A leopard gecko skeleton (D:2)
  A rat (D:3)
4 creatures vanquished.

Grand Total: 85 creatures vanquished

Notes
Turn   | Place    | Note
-------+----------+-------------------------------------------
     0 | D:1      | vatarom the Ogre Transmuter began the quest for the Orb.
     0 | D:1      | Reached XP level 1. HP: 19/19 MP: 3/3
   305 | D:1      | Reached XP level 2. HP: 25/28 MP: 3/5
   774 | D:1      | Learned a level 2 spell: Sticks to Snakes
  1142 | D:1      | Reached XP level 3. HP: 34/37 MP: 6/6
  1147 | D:1      | Learned a level 3 spell: Spider Form
  1617 | D:2      | Reached skill level 1 in Poison Magic
  1749 | D:2      | Reached XP level 4. HP: 15/45 MP: 2/7
  2386 | D:2      | Found a radiant altar of Vehumet.
  2548 | D:2      | Found an opulent altar of Gozag.
  2918 | D:3      | Found a hide-covered altar of Uskayaw.
  3034 | D:3      | Found a burning altar of Makhleb.
  3061 | D:3      | Reached XP level 5. HP: 52/53 MP: 4/8
  3075 | D:3      | Became a worshipper of Makhleb the Destroyer
  3492 | D:3      | Noticed Jessica
  3513 | D:3      | Killed Jessica
  3513 | D:3      | Reached XP level 6. HP: 50/63 MP: 0/9
  4279 | D:3      | Gained mutation: Your skin changes colour to match your
                  | surroundings (Stealth+). [potion of mutation]
  4279 | D:3      | Gained mutation: You have a pair of small horns on your
                  | head. [potion of mutation]
  4288 | D:3      | HP: 1/63 [something/magic dart (4)]
  4291 | D:3      | Slain by an orc wizard

Skill      XL: |  1  2  3  4  5  6 |
---------------+-------------------+-----
Fighting       | 2 3 4 |  4.4
Unarmed Combat | 3 4 |  4.2
Transmutations | 2 |  2.9
Poison Magic   | 1 |  1.9
Dodging        | 2 |  2.8
Spellcasting   | |  2.4

Action                   |  1- 3 |  4- 6 || total
-------------------------+-------+-------++-------
Melee: Unarmed           |   133 |   189 ||   322
       Headbutt          |     3 |       ||     3
       Punch             |     1 |     2 ||     3
       Kick              |     2 |     2 ||     4
Throw: Stone             |       |     3 ||     3
 Cast: Beastly Appendage |    13 |     2 ||    15
       Sticks to Snakes  |     5 |     9 ||    14
       Spider Form       |     1 |    16 ||    17
  Use: Potion            |       |     7 ||     7
 Stab: Distracted        |     1 |       ||     1
  Eat: Chunk             |     2 |     9 ||    11
       Ration            |       |     1 ||     1
Armor: Robe              |    54 |    33 ||    87
       Skin              |       |     6 ||     6
Dodge: Dodged            |   103 |   111 ||   214
